SAA
LITTLE CAESARS HOT N READYS @ SAN BERNARDINO GRASSHOPPERS
09/03/2022
 
TOP OF THE 1ST
Little Caesars Hot N Readys batting - Pitching for San Bernardino Grasshoppers : RHP Héctor Rosado
Pitching: RHP Héctor Rosado
Batting: RHB Lorenzo Sabastro 0-0: Called Strike
0-1: Ball
1-1: Foul Ball, location: 2F
1-2: Strikes out swinging, 2-3 out at first.
Batting: RHB Ulbert Sutkamp 0-0: Fly out, F7 (Flyball, 78XD)
Batting: LHB Mario Cruz 0-0: Ball
1-0: Ball
2-0: Ball
3-0: Base on Balls
Batting: RHB Jeffery Campbell 0-0: Called Strike
0-1: Ball
1-1: Fly out, F5 (Line Drive, 5L)
Top of the 1st over - 0 run(s), 0 hit(s), 0 error(s), 1 left on base; Little Caesars 0 - San Bernardino 0
BOTTOM OF THE 1ST
San Bernardino Grasshoppers batting - Pitching for Little Caesars Hot N Readys : RHP Martín Flores
Pitching: RHP Martín Flores
Batting: RHB Randy Tucker 0-0: Called Strike
0-1: Ball
1-1: Fly out, F7 (Line Drive, 7M)
Batting: RHB José Paz 0-0: Ball
1-0: Ball
2-0: DOUBLE (Line Drive, 89M)
Batting: LHB Mike Cook 0-0: Called Strike
0-1: Ball
1-1: Ground out 4-3 (Groundball, 34)
José Paz to third
Batting: LHB Ubbe van Antwerpen 0-0: Ball
1-0: Ball
2-0: Ball
3-0: Base on Balls
Batting: RHB Alfonso Enríquez 0-0: Ball
1-0: Foul Ball, location: 2F
1-1: Foul Ball, location: 2F
1-2: Strikes out swinging
Bottom of the 1st over - 0 run(s), 1 hit(s), 0 error(s), 2 left on base; Little Caesars 0 - San Bernardino 0
TOP OF THE 2ND
Little Caesars Hot N Readys batting - Pitching for San Bernardino Grasshoppers : RHP Héctor Rosado
Batting: LHB Gustavo Cortéz 0-0: Called Strike
0-1: Swinging Strike
0-2: Ball
1-2: Strikes out swinging
Batting: RHB Zong-yuan Fung 0-0: Ground out 6-3 (Groundball, 6)
Batting: RHB Luis Aragón 0-0: Swinging Strike
0-1: Called Strike
0-2: Foul Ball, location: 2F
0-2: Strikes out looking
Top of the 2nd over - 0 run(s), 0 hit(s), 0 error(s), 0 left on base; Little Caesars 0 - San Bernardino 0
BOTTOM OF THE 2ND
San Bernardino Grasshoppers batting - Pitching for Little Caesars Hot N Readys : RHP Martín Flores
Batting: RHB Henry Cameron 0-0: Ball
1-0: Called Strike
1-1: Ball
2-1: Swinging Strike
2-2: Strikes out swinging
Batting: RHB Dale O'Sullivan 0-0: Called Strike
0-1: Ball
1-1: Foul Ball, location: 2F
1-2: Strikes out looking
Batting: RHB Pepe Méndez 0-0: Called Strike
0-1: Ball
1-1: Called Strike
1-2: Strikes out swinging
Bottom of the 2nd over - 0 run(s), 0 hit(s), 0 error(s), 0 left on base; Little Caesars 0 - San Bernardino 0
TOP OF THE 3RD
Little Caesars Hot N Readys batting - Pitching for San Bernardino Grasshoppers : RHP Héctor Rosado
Batting: LHB Geremia Napolitano 0-0: Ball
1-0: Ball
2-0: Ball
3-0: Base on Balls
Batting: SHB Valentín Guzmán 0-0: Called Strike
0-1: Called Strike
0-2: Strikes out swinging
Batting: RHB Lorenzo Sabastro 0-0: Swinging Strike
0-1: Ball
1-1: Foul Ball, location: 2F
1-2: SINGLE (Flyball, 7S)
Geremia Napolitano to second
Batting: RHB Ulbert Sutkamp 0-0: Ball
1-0: Called Strike
Geremia Napolitano steals 3rd base
Lorenzo Sabastro to second
1-1: DOUBLE (Line Drive, 7LS)
Geremia Napolitano scores
Lorenzo Sabastro scores
Batting: LHB Mario Cruz 0-0: Ball
1-0: Ball
2-0: SINGLE (Groundball, 4MD)
Ulbert Sutkamp to third
Batting: RHB Jeffery Campbell 0-0: Called Strike
0-1: Ball
1-1: Called Strike
1-2: SINGLE (Groundball, 6S)
Ulbert Sutkamp scores
Mario Cruz to second
Batting: LHB Gustavo Cortéz 0-0: Ball
1-0: Ball
2-0: DOUBLE (Groundball, 3L)
Mario Cruz scores
Jeffery Campbell to third
Batting: RHB Zong-yuan Fung 0-0: Ball
1-0: Ball
Wild Pitch!
Jeffery Campbell scores
Gustavo Cortéz to third
2-0: Called Strike
2-1: Ground out 6-3 (Groundball, 6)
Gustavo Cortéz scores
Batting: RHB Luis Aragón 0-0: Foul Ball, location: 2F
0-1: Ball
1-1: Ball
2-1: Swinging Strike
2-2: Ball
3-2: Strikes out swinging
Top of the 3rd over - 6 run(s), 5 hit(s), 0 error(s), 0 left on base; Little Caesars 6 - San Bernardino 0
BOTTOM OF THE 3RD
San Bernardino Grasshoppers batting - Pitching for Little Caesars Hot N Readys : RHP Martín Flores
Batting: RHB Jaime López 0-0: Foul Ball, location: 2F
0-1: Called Strike
0-2: Ball
1-2: Ball
2-2: Strikes out swinging
Batting: RHB Randy Tucker 0-0: Called Strike
0-1: Ball
1-1: Ball
2-1: Foul Ball, location: 2F
2-2: Strikes out swinging
Batting: RHB José Paz 0-0: Ball
1-0: Foul Ball, location: 2F
1-1: Ball
2-1: Ball
3-1: Base on Balls
Batting: LHB Mike Cook 0-0: Ball
1-0: Called Strike
1-1: Fly out, F7 (Flyball, 78M)
Bottom of the 3rd over - 0 run(s), 0 hit(s), 0 error(s), 1 left on base; Little Caesars 6 - San Bernardino 0
TOP OF THE 4TH
Little Caesars Hot N Readys batting - Pitching for San Bernardino Grasshoppers : RHP Héctor Rosado
Pitching: RHP Fabiano Cavallini
Batting: LHB Geremia Napolitano 0-0: Foul Ball, location: 2F
0-1: Ground out 4-3 (Groundball, 34)
Batting: SHB Valentín Guzmán 0-0: Called Strike
0-1: Foul Ball, location: 2F
0-2: DOUBLE (Line Drive, 9LM)
Batting: RHB Lorenzo Sabastro 0-0: Called Strike
0-1: Called Strike
0-2: Ball
1-2: Strikes out swinging
Batting: RHB Ulbert Sutkamp 0-0: Ball
1-0: Ball
2-0: Ball
3-0: Called Strike
3-1: DOUBLE (Line Drive, 78S)
Valentín Guzmán scores
Batting: LHB Mario Cruz 0-0: Ball
1-0: DOUBLE (Line Drive, 9D)
Ulbert Sutkamp scores
Batting: RHB Jeffery Campbell 0-0: Ground out 6-3 (Groundball, 6M)
Top of the 4th over - 2 run(s), 3 hit(s), 0 error(s), 1 left on base; Little Caesars 8 - San Bernardino 0
BOTTOM OF THE 4TH
San Bernardino Grasshoppers batting - Pitching for Little Caesars Hot N Readys : RHP Martín Flores
Batting: LHB Ubbe van Antwerpen 0-0: Foul Ball, location: 2F
0-1: Called Strike
0-2: Ball
1-2: Ball
2-2: Ball
3-2: Ground out 4-3 (Groundball, 4)
Batting: RHB Alfonso Enríquez 0-0: Ground out 6-3 (Groundball, 6)
Batting: RHB Henry Cameron 0-0: Ball
1-0: Ground out 1-3 (Groundball, 13)
Bottom of the 4th over - 0 run(s), 0 hit(s), 0 error(s), 0 left on base; Little Caesars 8 - San Bernardino 0
TOP OF THE 5TH
Little Caesars Hot N Readys batting - Pitching for San Bernardino Grasshoppers : RHP Fabiano Cavallini
Batting: LHB Gustavo Cortéz 0-0: Called Strike
0-1: Ball
1-1: Ground out 3-1 (Groundball, 34)
Batting: RHB Zong-yuan Fung 0-0: Ball
1-0: Fly out, F8 (Flyball, 8LM)
Batting: RHB Luis Aragón 0-0: Ball
1-0: Ground out 1-3 (Groundball, 13S)
Top of the 5th over - 0 run(s), 0 hit(s), 0 error(s), 0 left on base; Little Caesars 8 - San Bernardino 0
BOTTOM OF THE 5TH
San Bernardino Grasshoppers batting - Pitching for Little Caesars Hot N Readys : RHP Martín Flores
Batting: RHB Dale O'Sullivan 0-0: Ball
1-0: Called Strike
1-1: Swinging Strike
1-2: Ball
2-2: Ball
3-2: Fly out, F9 (Flyball, 9M)
Batting: RHB Pepe Méndez 0-0: Ball
1-0: Foul Ball, location: 2F
1-1: Called Strike
1-2: Ball
2-2: Strikes out swinging
Batting: RHB Jaime López 0-0: Ball
1-0: SINGLE (Line Drive, 7LS)
Batting: RHB Randy Tucker 0-0: Called Strike
0-1: Ball
1-1: Ball
2-1: Called Strike
2-2: Strikes out looking
Bottom of the 5th over - 0 run(s), 1 hit(s), 0 error(s), 1 left on base; Little Caesars 8 - San Bernardino 0
TOP OF THE 6TH
Little Caesars Hot N Readys batting - Pitching for San Bernardino Grasshoppers : RHP Fabiano Cavallini
Batting: LHB Geremia Napolitano 0-0: Ball
1-0: Ball
2-0: Ball
3-0: Called Strike
3-1: Base on Balls
Batting: SHB Valentín Guzmán 0-0: Ball
1-0: Ball
2-0: Called Strike
2-1: Called Strike
2-2: Strikes out swinging
Batting: RHB Lorenzo Sabastro 0-0: Called Strike
0-1: Called Strike
0-2: Foul Ball, location: 2F
0-2: Foul Ball, location: 2F
0-2: Ball
1-2: Ball
2-2: SINGLE (Groundball, 56D)
Geremia Napolitano to second
Batting: RHB Ulbert Sutkamp 0-0: Called Strike
Geremia Napolitano steals 3rd base
Lorenzo Sabastro to second
0-1: Called Strike
0-2: Strikes out swinging
Batting: LHB Mario Cruz 0-0: Ball
1-0: Foul Ball, location: 2F
1-1: Swinging Strike
1-2: 3-RUN HOME RUN (Flyball, 89XD), Distance : 413 ft
Batting: RHB Jeffery Campbell 0-0: Foul Ball, location: 2F
0-1: SINGLE (Line Drive, 7LS)
Pitching: LHP Homer Shafer
Batting: LHB Gustavo Cortéz 0-0: Called Strike
0-1: Ball
1-1: Foul Ball, location: 2F
1-2: Ball
2-2: Strikes out swinging
Top of the 6th over - 3 run(s), 3 hit(s), 0 error(s), 1 left on base; Little Caesars 11 - San Bernardino 0
BOTTOM OF THE 6TH
San Bernardino Grasshoppers batting - Pitching for Little Caesars Hot N Readys : RHP Martín Flores
Batting: RHB José Paz 0-0: Called Strike
0-1: Ball
1-1: Called Strike
1-2: Ball
2-2: Foul Ball, location: 2F
2-2: Foul Ball, location: 2F
2-2: Fly out, F3 (Popup, 3F)
Batting: LHB Mike Cook 0-0: Called Strike
0-1: Swinging Strike
0-2: Ball
1-2: Strikes out swinging
Batting: LHB Ubbe van Antwerpen 0-0: Called Strike
0-1: Ground out 6-3 (Groundball, 6M)
Bottom of the 6th over - 0 run(s), 0 hit(s), 0 error(s), 0 left on base; Little Caesars 11 - San Bernardino 0
TOP OF THE 7TH
Little Caesars Hot N Readys batting - Pitching for San Bernardino Grasshoppers : LHP Homer Shafer
Batting: RHB Zong-yuan Fung 0-0: Called Strike
0-1: Ball
1-1: Foul Ball, location: 2F
1-2: Strikes out looking
Batting: RHB Luis Aragón 0-0: Called Strike
0-1: Ball
1-1: Foul Ball, location: 2F
1-2: Ball
2-2: Strikes out swinging
Batting: LHB Geremia Napolitano 0-0: Ball
1-0: Ball
2-0: Ball
3-0: Called Strike
3-1: Base on Balls
Batting: SHB Valentín Guzmán 0-0: Called Strike
0-1: Foul Ball, location: 2F
0-2: Strikes out looking
Top of the 7th over - 0 run(s), 0 hit(s), 0 error(s), 1 left on base; Little Caesars 11 - San Bernardino 0
BOTTOM OF THE 7TH
San Bernardino Grasshoppers batting - Pitching for Little Caesars Hot N Readys : RHP Martín Flores
Batting: RHB Alfonso Enríquez 0-0: Fly out, F6 (Popup, 5D)
Batting: RHB Henry Cameron 0-0: Swinging Strike
0-1: Swinging Strike
0-2: Ball
1-2: Ball
2-2: Ball
3-2: Fly out, F7 (Flyball, 7M)
Batting: RHB Dale O'Sullivan 0-0: Ball
1-0: Swinging Strike
1-1: Ball
2-1: SINGLE (Groundball, 6MD) (infield hit)
Pitching: RHP Atsumori Fujii
Batting: RHB Pepe Méndez 0-0: Called Strike
Dale O'Sullivan steals 2nd base
0-1: Ground out 5-3 (Groundball, 56)
Bottom of the 7th over - 0 run(s), 1 hit(s), 0 error(s), 1 left on base; Little Caesars 11 - San Bernardino 0
TOP OF THE 8TH
Little Caesars Hot N Readys batting - Pitching for San Bernardino Grasshoppers : LHP Homer Shafer
Batting: RHB Lorenzo Sabastro 0-0: Ball
1-0: Called Strike
1-1: Ball
2-1: Foul Ball, location: 2F
2-2: Ball
3-2: Fly out, F2 (Popup, 2LF)
Batting: RHB Ulbert Sutkamp 0-0: Called Strike
0-1: Ball
1-1: Foul Ball, location: 2F
1-2: Strikes out swinging
Batting: LHB Mario Cruz 0-0: Ball
1-0: Called Strike
1-1: SOLO HOME RUN (Flyball, 9LD), Distance : 347 ft
Batting: RHB Jeffery Campbell 0-0: Ball
1-0: Swinging Strike
1-1: Hit by Pitch
Batting: LHB Gustavo Cortéz 0-0: Foul Ball, location: 2F
0-1: DOUBLE (Flyball, 78XD)
Jeffery Campbell to third
Runner from 3rd tries for Home, SAFE, throw made home
Batting: RHB Zong-yuan Fung 0-0: SINGLE (Groundball, 6MD)
Gustavo Cortéz to third
Runner from 3rd tries for Home, SAFE, no throw or cutoff
Batting: RHB Luis Aragón 0-0: Ball
1-0: Ball
2-0: Swinging Strike
2-1: Ball
3-1: Foul Ball, location: 2F
3-2: Base on Balls
Zong-yuan Fung to second
Pinch Hitting: RHB Jim Unknown 0-0: Foul Ball, location: 2F
0-1: Ball
1-1: Fielders Choice at 2nd, U4 (Groundball, 4M)
Top of the 8th over - 3 run(s), 3 hit(s), 0 error(s), 2 left on base; Little Caesars 14 - San Bernardino 0
BOTTOM OF THE 8TH
San Bernardino Grasshoppers batting - Pitching for Little Caesars Hot N Readys : RHP Atsumori Fujii
Now in CF: Jim Unknown
Batting: RHB Jaime López 0-0: Foul Ball, location: 2F
0-1: Ball
1-1: TRIPLE (Line Drive, 8LM)
Batting: RHB Randy Tucker 0-0: Ball
1-0: Ball
2-0: Ground out 6-3 (Groundball, 6)
Jaime López scores
Batting: RHB José Paz 0-0: Foul Ball, location: 2F
0-1: Ball
1-1: Swinging Strike
1-2: Ball
2-2: Foul Ball, location: 2F
2-2: Foul Ball, location: 2F
2-2: Foul Ball, location: 2F
2-2: Fly out, F4 (Popup, 4)
Pinch Hitting: RHB Cal Robinson 0-0: Ball
1-0: Foul Ball, location: 2F
1-1: Called Strike
1-2: Fly out, F2 (Popup, 2RF)
Bottom of the 8th over - 1 run(s), 1 hit(s), 0 error(s), 0 left on base; Little Caesars 14 - San Bernardino 1
TOP OF THE 9TH
Little Caesars Hot N Readys batting - Pitching for San Bernardino Grasshoppers : LHP Homer Shafer
Now at 1B: Cal Robinson
Batting: SHB Valentín Guzmán 0-0: Called Strike
0-1: Ground out 5-3 (Groundball, 5L)
Batting: RHB Lorenzo Sabastro 0-0: Ball
1-0: SINGLE (Line Drive, 89S)
Batting: RHB Ulbert Sutkamp 0-0: Ball
1-0: Called Strike
1-1: Ball
2-1: Ball
3-1: Called Strike
3-2: Strikes out swinging
Batting: LHB Mario Cruz 0-0: Ball
1-0: Ball
2-0: Ball
3-0: Base on Balls
Lorenzo Sabastro to second
Batting: RHB Jeffery Campbell 0-0: Ground out 1-3 (Groundball, 15)
Top of the 9th over - 0 run(s), 1 hit(s), 0 error(s), 2 left on base; Little Caesars 14 - San Bernardino 1
BOTTOM OF THE 9TH
San Bernardino Grasshoppers batting - Pitching for Little Caesars Hot N Readys : RHP Atsumori Fujii
Batting: LHB Ubbe van Antwerpen 0-0: Fly out, F6 (Line Drive, 6M)
Pinch Hitting: SHB Bernardo Hernández 0-0: Ball
1-0: Foul Ball, location: 2F
1-1: Fly out, F5 (Popup, 5DF)
Batting: RHB Henry Cameron 0-0: DOUBLE (Flyball, 9LM)
Batting: RHB Dale O'Sullivan 0-0: Fly out, F4 (Line Drive, 4)
Bottom of the 9th over - 0 run(s), 1 hit(s), 0 error(s), 1 left on base; Little Caesars 14 - San Bernardino 1
This league is powered by Out of the Park Baseball, the baseball management simulation game for PC, Mac and Linux
Friday, April 15th, 2016 - OOTP Baseball 16.9 Build 39